 Dungeon Crawl Stone Soup version 0.31-a0-60-g62046a28e0 (webtiles) character file.

Game seed: 15705839545609541875

161 Speculo the Insei (level 5, -5/34 HPs)
             Began as an Octopode Transmuter on May 22, 2023.
             Slain by an orc
             ... wielding a +0 flail
              (8 damage)
             ... on level 3 of the Dungeon.
             The game lasted 00:06:33 (1646 turns).

Speculo the Insei (Octopode Transmuter)             Turns: 1646, Time: 00:06:33

Health: -5/34      AC:  1    Str: 11    XL:     5   Next: 42%
Magic:  3/9        EV: 14    Int: 15    God:
Gold:   132        SH:  5    Dex: 19    Spells: 3/9 levels left

rFire   . .          .
                       - Unarmed
rCold   . . .        (no shield)
rNeg    . . .        (helmet restricted)
rPois   .            i - amulet of reflection
rElec   .            c - +6 ring of dexterity
rCorr   .            (no ring)
SInv    .            (no ring)
Will    +....        (no ring)
Stlth   +++          (no ring)
HPRegen 0.25/turn    (no ring)
MPRegen 0.11/turn    (no ring)
                     (no ring)

%: reflection
@: enlightened, flying
A: almost no armour, amphibious, 8 rings, camouflage 1, gelatinous body 1,
(nimble swimmer 1), tentacles
a: no special abilities


You were on level 3 of the Dungeon.
You visited 1 branch of the dungeon, and saw 3 of its levels.

You collected 132 gold pieces.

Inventory:

Missiles
 h - 3 javelins
 k - 6 silver javelins
Jewellery
 c - a +6 ring of dexterity (left tentacle)
 i - an amulet of reflection (around mantle)
Scrolls
 a - a scroll of fog {unknown}
 b - 2 scrolls of identify {unknown}
 d - 3 scrolls of teleportation {unknown}
 e - a scroll of enchant armour {unknown}
 g - 3 scrolls of noise {unknown}
 j - a scroll of vulnerability {unknown}
 l - a scroll of poison {unknown}


   Skills:
 + Level 2.2 Fighting
 + Level 2.9 Dodging
 + Level 3.7 Unarmed Combat
 + Level 2.8 Spellcasting
 + Level 3.0 Transmutations


You had 3 spell levels left.
You knew the following spells:

 Your Spells              Type           Power      Damage    Failure   Level
a - Beastly Appendage     Tmut           22%        N/A       6%          1
b - Wereblood             Tmut           11%        N/A       9%          2
c - Spider Form           Tmut/Pois      5%         N/A       36%         3

Your spell library contained the following spells:

 Spells                   Type           Power      Damage    Failure   Level
 Ice Form                 Ice/Tmut       5%         N/A       77%         4


Dungeon Overview and Level Annotations

Branches:
Dungeon (3/15)

Altars:


Innate Abilities, Weirdness & Mutations

You cannot wear most types of armour.
You are amphibious.
You can wear up to eight rings at the same time.
Your skin changes colour to match your surroundings (Stealth+).
Your rubbery body absorbs attacks. (AC +1, EV +1)
((You are camouflaged when in or above water. (Stealth+)))
You have tentacles for arms and can constrict up to eight enemies at once.


Message History

The jackal misses you. The jackal attacks as you move away!
The jackal closely misses you. The jackal barely misses you.
The orc attacks as you move away! The orc hits you with a +0 flail.
The orc attacks as you move away! You block the orc's attack.
You block the jackal's attack. The orc attacks as you move away!
The orc hits you with a +0 flail. The orc attacks as you move away!
The orc hits you with a +0 flail!
* * * LOW HITPOINT WARNING * * *
The jackal closely misses you. The jackal barely misses you.
The jackal misses you. The jackal attacks as you move away!
The jackal bites you.
* * * LOW HITPOINT WARNING * * *
Your magical contamination has completely faded away.
You tentacle-slap the jackal but do no damage.
You grab the jackal. You constrict the jackal. The jackal bites you.
* * * LOW HITPOINT WARNING * * *
The jackal misses you.
You tentacle-slap the jackal.
You kill the jackal!
Your Transmutations skill increases to level 3!
You closely miss the orc. You grab the orc. You constrict the orc.
You block the orc's attack.
You tentacle-slap the orc.
The orc is heavily wounded.
You constrict the orc. You block the orc's attack.
You tentacle-slap the orc.
You kill the orc!
You closely miss the orc. You grab the orc.
You constrict the orc, but do no damage.
The orc hits you with a +0 flail.
* * * LOW HITPOINT WARNING * * *
You feel very buoyant.
You fly up into the air.
You constrict the orc. The orc misses you.
You tentacle-slap the orc. Your squeeze misses the orc.
The orc is almost dead.
You constrict the orc.
You kill the orc!
The orc hits you with a +0 flail!
You die...

......>.........# #.#
..............### #.#
######..###.###########.#####
##.# #.....##....[.....## #.#
#####.##.####......# #.#
#.##.# #..#...# #.## #..).#
#......#
#..###############.##.##
##........@o.#.......<###
##.....####.#.##)........
##....#^..o..#......####
#####.........####.#...#..
#........#.#..# #.#..##.#
#........#.#..# #.#..# .#
#........+....# #.#### .#
#....#...###..####.#####.#..
#....#..........o.......>...


You could see an orc.

Vanquished Creatures
  A phantom (D:3)
  3 adders
  A worm (D:2)
  A dart slug (D:1)
  2 orcs (D:3)
  2 bats (D:1)
  3 endoplasms (D:2)
  3 giant cockroaches
  2 goblins
  4 hobgoblins
  3 jackals (D:3)
  4 kobolds
  3 quokkas
  6 ball pythons (D:1)
  2 frilled lizards
  7 rats
47 creatures vanquished.

Notes
Turn   | Place    | Note
-------+----------+-------------------------------------------
     0 | D:1      | Speculo the Octopode Transmuter began the quest for the
                  | Orb.
     0 | D:1      | Reached XP level 1. HP: 13/13 MP: 3/3
    80 | D:1      | Reached XP level 2. HP: 15/18 MP: 1/5
   408 | D:1      | Found a faded altar of an unknown god.
   453 | D:1      | Reached XP level 3. HP: 23/23 MP: 6/6
   804 | D:2      | Found the +1 Delatra's gloves {ID++}
  1170 | D:2      | Learned a level 2 spell: Wereblood
  1174 | D:2      | Learned a level 3 spell: Spider Form
  1366 | D:3      | Noticed a phantom
  1387 | D:3      | Killed a phantom
  1388 | D:3      | Reached XP level 4. HP: 17/29 MP: 1/8
  1388 | D:3      | Reached XP level 5. HP: 20/34 MP: 1/9
  1646 | D:3      | Slain by an orc

Illustrated notes

Levels and vault maps discovered:
D:1:      lightli_molten_gateway, layout_loops_ring,
          shapermc_ecumenical_altar_acropolis
D:2:      layout_rooms, due_unseen_surprise
D:3:      layout_basic, grunt_ministairs_3, uniq_ijyb, uniq_grinder

Skill      XL: |  1  2  3  4  5 |
---------------+----------------+-----
Fighting       | 2 |  2.2
Transmutations | 3 |  3.0
Dodging        | |  2.9
Unarmed Combat | |  3.7
Spellcasting   | |  2.8

Action                     |  1- 3 |  4- 6 || total
---------------------------+-------+-------++-------
  Melee: Unarmed           |    69 |    23 ||    92
         Constrict         |    21 |     9 ||    30
         Tentacles         |    22 |     2 ||    24
         Kick              |     9 |       ||     9
         Punch             |     2 |     1 ||     3
   Cast: Beastly Appendage |    15 |     4 ||    19
         Spider Form       |     2 |       ||     2
         Wereblood         |     1 |       ||     1
    Use: Potion            |     3 |     1 ||     4
   Stab: Sleeping          |     5 |       ||     5
 Armour: Skin              |    20 |     4 ||    24
  Dodge: Dodged            |    48 |    17 ||    65
  Block: Other             |     8 |     6 ||    14

Table legend: (Time is in decaauts)
 A = Elapsed time spent in this place.
 B = Non-inter-level travel time spent in this place.
 C = Inter-level travel time spent in this place.
 D = Time resting spent in this place.
 E = Time spent auto-exploring this place.
 F = Levels seen in this place.
 G = Mean time per level.
                   A        B        C        D        E       F      G
               +--------+--------+--------+--------+--------+-----+--------+
         Total |   1639 |   1619 |     20 |     60 |   1031 |   3 |  546.3 |
       Dungeon |   1639 |   1619 |     20 |     60 |   1031 |   3 |  546.3 |
               +--------+--------+--------+--------+--------+-----+--------+

Top non-repeatable levels by time:
     D:1: 709 daAuts
     D:2: 515 daAuts
     D:3: 414 daAuts
